 Dungeon Crawl Stone Soup version 0.30.0-29-ga12c61a403 (webtiles) character file.

Game seed: 5597621603443100941

1789 Descartes the Covered (level 9, -5/61 (69) HPs)
             Began as a Formicid Wanderer on June 21, 2023.
             Was a Believer of Cheibriados.
             Slain by a wight
             ... wielding a +6 battleaxe
              (14 damage)
             ... on level 6 of the Dungeon.
             The game lasted 00:07:25 (5202 turns).

Descartes the Covered (Formicid Wanderer)           Turns: 5202, Time: 00:07:26

HP:   -5/61 (69)    AC: 13    Str: 23    XL:     9   Next: 29%
MP:   18/18         EV: 10    Int: 18    God:    Cheibriados [**....]
Gold: 324           SH:  0    Dex: 23    Spells: 8/8 levels left

rFire   . . .        w - +2 rapier (flame)
rCold   . . .        (no shield)
rNeg    . . .        v - +0 ring mail of the Eternal Fruit {+Blink rPois Regen+}
rPois   +            (helmet unavailable)
rElec   .            (no cloak)
rCorr   .            u - +0 pair of gloves {Dex+3}
SInv    +            G - +0 pair of boots
Will    .....        (no amulet)
Stlth   +            f - +4 ring of protection
HPRegen 1.10/turn    y - ring of magical power
MPRegen 0.16/turn

%: no passive effects
@: heavily drained, very slow
A: permanent stasis, dig shafts and tunnels, antennae 3, four strong arms
a: Dig, Shaft Self, Renounce Religion, Bend Time


You were on level 6 of the Dungeon.
You worshipped Cheibriados.
Cheibriados was pleased with you.
You visited 2 branches of the dungeon, and saw 8 of its levels.

You collected 324 gold pieces.

Inventory:

Hand Weapons
 a - a +2 quarterstaff
 b - a +0 short sword
 h - a +3 dagger
 w - a +2 rapier of flaming (weapon)
 M - a +2 whip of electrocution
Missiles
 c - 5 javelins
 r - 9 poisoned darts
 z - 2 atropa-tipped darts
 B - 4 boomerangs of dispersal
Armour
 u - a +0 pair of gloves of dexterity (worn)
 v - the +0 ring mail of the Eternal Fruit (worn) {+Blink rPois Regen+}
   (You found it on level 3 of the Dungeon)

   rPois:     It protects you from poison.
   +Blink:    It lets you blink.
   Regen:     It increases your rate of health regeneration.
 x - a +1 robe of the Archmagi
 G - a +0 pair of boots (worn)
 I - the +3 ring mail of Jaigatof {rElec Int+2}
   (You found it on level 5 of the Dungeon)

   Int:       It affects your intelligence (+2).
   rElec:     It insulates you from electricity.
Jewellery
 f - a +4 ring of protection (left hand)
 y - a ring of magical power (right hand)
Wands
 D - a wand of quicksilver (18)
 F - a wand of mindburst (12)
 H - a wand of flame (18)
Scrolls
 d - a scroll of silence
 e - 3 scrolls of fog {unknown}
 g - 2 scrolls of amnesia {unknown}
 l - 2 scrolls of teleportation {unknown}
 m - 2 scrolls of identify {unknown}
 q - 3 scrolls of poison {unknown}
 A - a scroll of noise {unknown}
 C - 4 scrolls of fear {unknown}
 J - a scroll of enchant armour {unknown}
Potions
 i - a potion of invisibility {unknown}
 j - a potion of flight {unknown}
 k - a potion of cancellation {unknown}
 n - 2 potions of attraction {unknown}
 o - 2 potions of brilliance {unknown}
 p - 3 potions of curing
 s - 2 potions of ambrosia {unknown}
 t - a potion of magic {unknown}
 E - a potion of heal wounds {unknown}
 K - a potion of mutation {unknown}
 L - a potion of might {unknown}


   Skills:
 + Level 5.8 Fighting
 - Level 5.0 Short Blades
 - Level 2.0 Staves
 + Level 7.3 Armour
 + Level 6.7 Shields
 + Level 6.2 Earth Magic


You had 8 spell levels left.
You didn't know any spells.
Your spell library contained the following spells:

 Spells                   Type           Power      Damage    Failure   Level
 Sting                    Tmut/Pois      0%         1d3       32%         1
 Summon Small Mammal      Summ           0%         N/A       32%         1
 Poisonous Vapours        Pois/Air       0%         N/A       43%         2
 Call Canine Familiar     Summ           0%         N/A       67%         3
 Summon Guardian Golem    Hex/Summ       0%         N/A       67%         3
 Olgreb's Toxic Radiance  Pois           0%         N/A       97%         4


Dungeon Overview and Level Annotations

Branches:
Dungeon (7/15)             Temple (1/1) D:4

Altars:
Ashenzari
Cheibriados
Dithmenos
Fedhas
Hepliaklqana
Kikubaaqudgha
Makhleb
Nemelex Xobeh
Okawaru
Qazlal
Ru
Trog
Uskayaw
Vehumet
Wu Jian
Zin
The Shining One

Annotations:
D:7 Dowan, Duvessa


Innate Abilities, Weirdness & Mutations

You cannot be hasted, slowed, berserked, paralysed or teleported.
You can dig through walls and to a lower floor.
You have a pair of large antennae on your head. (SInv)
Your four strong arms can wield two-handed weapons with a shield.


Message History

A wight comes into view. It is wielding a +3 trident.
A wight comes into view. It is wielding a +6 battleaxe.
Dowan moves out of view.
Found a red potion.
Found an iron altar of Okawaru.
A wight comes into view. It is wielding a +0 scimitar.
You see here 4 poisoned darts.
Duvessa closely misses you. Duvessa hits you but does no damage.
You barely miss Duvessa.
Duvessa hits you with a +4 rapier of speed.
Duvessa barely misses you.
The wight hits you from afar with a +3 trident.
You feel drained.
You puncture the wight! You burn the wight.
The wight is almost destroyed.
Duvessa hits you with a +4 rapier of speed!
You completely miss the wight.
The wight is almost destroyed.
A jelly comes into view.
The wight closely misses you. The wight hits you with a +6 battleaxe!
You feel drained.
Duvessa zaps a wand.
The puff of flame hits you. Duvessa attacks as you move away!
Duvessa closely misses you. The wight attacks as you move away!
The wight hits you with a +6 battleaxe.
The jelly quivers.
Dowan gestures at Duvessa while chanting.
Duvessa seems to speed up.
The wight hits you from afar with a +3 trident!
The wight hits you with a +6 battleaxe! Duvessa barely misses you.
You see here 4 poisoned darts.
Duvessa zaps a wand.
The puff of flame hits you!
* * * LOW HITPOINT WARNING * * *
There is a stone staircase leading up here.
The wight hits you but does no damage. The wight hits you with a +6 battleaxe!
* * * LOW HITPOINT WARNING * * *
You feel drained.
* * * LOW HITPOINT WARNING * * *
You climb upwards.
There is a stone staircase leading down here.
It was a potion of curing.
You feel better. The wight hits you with a +6 battleaxe!
You die...

#...#..#......#.#
#.....#.##....
#...#.########.##
#######.##.##.
......# #.# #.##.##.
......# #.#
###....... ......####
##.#########...##.###
.........#
#..............##.#
.....###.#
#..#.##.###.....#.#
.....###.## #..#z##.#
#.###.#.# ##.##.....#
#...@##.# #.# #...#
#.##.##..# #.#####.#
#.###.### ##........#
#.#####.# #.....#
.......##.###.......#
#######
####.........########
######.##.##.#
...###.##.##.#
.......##..#[##
......)##.....#


You could see a wight.

Vanquished Creatures
  Eustachio (D:4)
  An ice beast (D:5)
  A black bear (D:6)
  2 ogres
  3 phantoms (D:5)
  A kobold brigand (D:6)
  2 bullfrogs
  5 scorpions
  4 hounds
  2 jellies (D:6)
  A sleepcap (D:6)
  5 iguanas
  8 gnolls
  6 adders
  An ufetubus (D:5)
  2 worms
  3 dart slugs
  12 orcs
  4 ball pythons
  5 bats
  7 endoplasms
  5 giant cockroaches
  5 goblins
  7 jackals
  5 kobolds
  4 quokkas
  5 frilled lizards
  A rat (D:1)
108 creatures vanquished.

Notes
Turn   | Place    | Note
-------+----------+-------------------------------------------
     0 | D:1      | Descartes the Formicid Wanderer began the quest for the
                  | Orb.
     0 | D:1      | Descartes set off with the following items: a +2
                  | quarterstaff, a +0 short sword, a +0 scale mail, a scroll
                  | of silence.
     0 | D:1      | Reached XP level 1. HP: 15/15 MP: 1/1
   222 | D:1      | Reached XP level 2. HP: 21/21 MP: 2/2
   225 | D:1      | Reached skill level 1 in Shields
   401 | D:1      | Reached skill level 1 in Earth Magic
   929 | D:2      | Reached XP level 3. HP: 27/27 MP: 3/3
  1393 | D:2      | Noticed a scorpion
  1418 | D:2      | Killed a scorpion
  1419 | D:2      | Reached skill level 5 in Armour
  1419 | D:2      | Reached XP level 4. HP: 5/34 MP: 4/4
  1419 | D:2      | Reached XP level 5. HP: 6/39 MP: 5/5
  1832 | D:2      | Found a faded altar of an unknown god.
  2368 | D:3      | Identified the +0 ring mail of the Eternal Fruit {+Blink
                  | rPois Regen+}
  2537 | D:3      | Found a hide-covered altar of Uskayaw.
  2711 | D:4      | Noticed Eustachio
  2864 | D:4      | Killed Eustachio
  2865 | D:4      | Reached XP level 6. HP: 15/47 MP: 6/6
  2971 | D:4      | Reached XP level 7. HP: 52/52 MP: 7/7
  3252 | D:4      | Found a staircase to the Ecumenical Temple.
  3258 | Temple   | Entered the Ecumenical Temple
  3417 | Temple   | Became a worshipper of Cheibriados the Contemplative
  3469 | D:4      | Reached skill level 6 in Armour
  3650 | D:5      | Entered Level 5 of the Dungeon
  3691 | D:5      | Found a sacrificial altar of Ru.
  3708 | D:5      | Reached skill level 5 in Shields
  3708 | D:5      | Reached XP level 8. HP: 41/61 MP: 8/8
  3744 | D:5      | Found an ancient bone altar of Kikubaaqudgha.
  3881 | D:5      | Reached * piety under Cheibriados
  3892 | D:5      | Reached skill level 5 in Earth Magic
  3967 | D:5      | Reached skill level 5 in Fighting
  4365 | D:5      | Identified the +3 ring mail of Jaigatof {rElec Int+2}
  4584 | D:6      | Reached ** piety under Cheibriados
  4638 | D:6      | Reached XP level 9. HP: 59/68 MP: 9/9
  4652 | D:6      | Reached skill level 7 in Armour
  4685 | D:6      | Reached skill level 5 in Short Blades
  5191 | D:7      | Noticed Duvessa
  5192 | D:7      | Noticed Dowan
  5193 | D:7      | Found an iron altar of Okawaru.
  5200 | D:7      | HP: 1/61 [wight/+6 battleaxe (3)]
  5202 | D:6      | Slain by a wight

Illustrated notes

Levels and vault maps discovered:
D:1:      minmay_arrival_checkered_box, layout_basic
D:2:      layout_basic, shapermc_ecumenical_altar_petra
D:3:      layout_loops_cross, overflow_temple_1_default
D:4:      layout_basic, minmay_temple_entry_hall, cheibrodos_gnoll_hut,
          uniq_eustachio
D:5:      layout_loops_ring, kennysheep_mini_moat, kiku_gazebo_pond_becter,
          eino_curves_01, amcnicky_mini_pool_medium
D:6:      layout_loops_cross, nrook_mini_backslash
D:7:      cheibrodos_wizards_tower, layout_loops_corners, okawaru_gym_becter,
          elyvilon_altar_1, mainiacjoe_overflow_alcove_1, uniq_maggie,
          uniq_duvessa
Temple:   nicolae_temple_bog_church

Skill      XL: |  1  2  3  4  5  6  7  8  9 |
---------------+----------------------------+-----
Shields        | 1 2 3 4 5 6 |  6.7
Earth Magic    | 1 2 3 4 5 6 |  6.2
Fighting       | 2 3 4 5 |  5.8
Armour         | 5 6 7 |  7.3
Short Blades   | 4 5 |  5.0
Staves         | |  2.0

Action                     |  1- 3 |  4- 6 |  7- 9 || total
---------------------------+-------+-------+-------++-------
  Melee: Quarterstaff      |     8 |       |       ||     8
         Dagger            |    91 |   152 |       ||   243
         Punch             |     2 |     1 |     7 ||    10
         Rapier            |       |     7 |   257 ||   264
    Use: Potion            |       |       |     1 ||     1
 Armour: Scale mail        |    53 |    49 |       ||   102
         Ring mail         |       |    51 |   177 ||   228
  Dodge: Dodged            |    35 |    98 |   161 ||   294
